ITL
DETROIT X-WINGS @ HAVANA ROLLERS
07/23/2030
 
TOP OF THE 1ST
Detroit X-Wings batting - Pitching for Havana Rollers : RHP Ron Jenkins
Pitching: RHP Ron Jenkins
Batting: SHB Jason Mason 0-0: Ball
1-0: Swinging Strike
1-1: Ball
2-1: Called Strike
2-2: Strikes out looking
Batting: RHB Earl Godwin 0-0: Called Strike
0-1: Ball
1-1: Foul Ball, location: 2F
1-2: Strikes out swinging
Batting: LHB Juan Jose Pineda 0-0: Fly out, F7 (Flyball, 78M)
Top of the 1st over - 0 runs, 0 hits, 0 errors, 0 left on base; Detroit 0 - Havana 0
BOTTOM OF THE 1ST
Havana Rollers batting - Pitching for Detroit X-Wings : RHP Albert Colwill
Pitching: RHP Albert Colwill
Batting: RHB Paul Bailey 0-0: Ball
1-0: Swinging Strike
1-1: TRIPLE (Flyball, 8RXD)
Batting: LHB José Torres 0-0: Ball
1-0: Called Strike
1-1: SINGLE (Groundball, 4M) (infield hit)
Paul Bailey scores
Batting: RHB Brant Sherman 0-0: Ball
1-0: Called Strike
1-1: Ball
2-1: Ball
3-1: Foul Ball, location: 2F
3-2: Strikes out looking
Batting: RHB Soshu Nakamura 0-0: Ball
1-0: Ball
2-0: Called Strike
José Torres steals 2nd base
2-1: Ground out 3-1 (Groundball, 34S)
José Torres to third
Batting: RHB Bill Little 0-0: Called Strike
0-1: Ball
1-1: Foul Ball, location: 2F
1-2: Strikes out looking
Bottom of the 1st over - 1 run, 2 hits, 0 errors, 1 left on base; Detroit 0 - Havana 1
TOP OF THE 2ND
Detroit X-Wings batting - Pitching for Havana Rollers : RHP Ron Jenkins
Batting: SHB Barrett Bowden 0-0: Called Strike
0-1: Ball
1-1: Called Strike
1-2: Strikes out looking
Batting: SHB Javier Jiménez 0-0: Swinging Strike
0-1: Ball
1-1: Ball
2-1: Ball
3-1: Base on Balls
Batting: RHB Mario Solís 0-0: Called Strike
0-1: Foul Ball, location: 2F
0-2: Foul Ball, location: 2F
0-2: Fly out, F7 (Flyball, 7S)
Batting: LHB Paul Alston 0-0: Called Strike
0-1: Ground out 4-3 (Groundball, 4)
Top of the 2nd over - 0 runs, 0 hits, 0 errors, 1 left on base; Detroit 0 - Havana 1
BOTTOM OF THE 2ND
Havana Rollers batting - Pitching for Detroit X-Wings : RHP Albert Colwill
Batting: LHB Shiro Ueno 0-0: Swinging Strike
0-1: Ball
1-1: Swinging Strike
1-2: Ball
2-2: Ball
3-2: SINGLE (Flyball, 9S) - OUT at second base trying to stretch hit.
Batting: RHB Mitsuharu Matsumoto 0-0: Ball
1-0: Ball
2-0: Ball
3-0: Called Strike
3-1: Fly out, F9 (Flyball, 9)
Batting: RHB Luis Aguilar 0-0: Called Strike
0-1: Swinging Strike
0-2: Strikes out looking
Bottom of the 2nd over - 0 runs, 1 hit, 0 errors, 0 left on base; Detroit 0 - Havana 1
TOP OF THE 3RD
Detroit X-Wings batting - Pitching for Havana Rollers : RHP Ron Jenkins
Batting: RHB Alfredo Villegas 0-0: Ball
1-0: Foul Ball, location: 2F
1-1: Ball
2-1: Foul Ball, location: 2F
2-2: SINGLE (Line Drive, 78S)
Batting: RHB José Rosales 0-0: Ball
1-0: Swinging Strike
1-1: Ball
2-1: Foul Ball, location: 2F
2-2: Strikes out looking
Batting: SHB Jason Mason 0-0: Called Strike
0-1: Ball
1-1: Ball
2-1: Fly out, F7 (Flyball, 7S)
Batting: RHB Earl Godwin 0-0: Ball
Alfredo Villegas is caught stealing 2nd base
Top of the 3rd over - 0 runs, 1 hit, 0 errors, 0 left on base; Detroit 0 - Havana 1
BOTTOM OF THE 3RD
Havana Rollers batting - Pitching for Detroit X-Wings : RHP Albert Colwill
Batting: RHB Ken MacDonald 0-0: Called Strike
0-1: Ball
1-1: Ball
2-1: Ball
3-1: SINGLE (Flyball, 9S)
Batting: RHB Paul Bailey 0-0: SINGLE (Groundball, 56D)
Ken MacDonald to second
Batting: LHB José Torres 0-0: Foul Ball, location: 2F
0-1: Swinging Strike
0-2: Ball
1-2: Fielders Choice at 2nd, 5-4 (Groundball, 5)
Ken MacDonald to third
Batting: RHB Brant Sherman 0-0: Ball
1-0: Swinging Strike
1-1: Swinging Strike
1-2: Strikes out swinging
Batting: RHB Soshu Nakamura 0-0: Ball
1-0: Called Strike
1-1: Called Strike
1-2: Ball
2-2: Foul Ball, location: 2F
2-2: Fielders Choice at 2nd, 5-4 (Groundball, 56)
Bottom of the 3rd over - 0 runs, 2 hits, 0 errors, 2 left on base; Detroit 0 - Havana 1
TOP OF THE 4TH
Detroit X-Wings batting - Pitching for Havana Rollers : RHP Ron Jenkins
Batting: RHB Earl Godwin 0-0: Ball
1-0: Foul Ball, location: 2F
1-1: Ground out 5-3 (Groundball, 56S)
Batting: LHB Juan Jose Pineda 0-0: Called Strike
0-1: Ball
1-1: Swinging Strike
1-2: Ball
2-2: Foul Ball, location: 2F
2-2: Ball
3-2: Foul Ball, location: 2F
3-2: Strikes out swinging
Batting: SHB Barrett Bowden 0-0: Called Strike
0-1: Called Strike
0-2: Ball
1-2: Ball
2-2: Foul Ball, location: 2F
2-2: Ground out 4-3 (Groundball, 4S)
Top of the 4th over - 0 runs, 0 hits, 0 errors, 0 left on base; Detroit 0 - Havana 1
BOTTOM OF THE 4TH
Havana Rollers batting - Pitching for Detroit X-Wings : RHP Albert Colwill
Batting: RHB Bill Little 0-0: Ball
1-0: Foul Ball, location: 2F
1-1: Ball
2-1: Ball
3-1: Ground out 3-1 (Groundball, 34S)
Batting: LHB Shiro Ueno 0-0: Ball
1-0: Swinging Strike
1-1: Ground out 6-3 (Groundball, 56)
Now at SS: Brad Ravenshaw
Batting: RHB Mitsuharu Matsumoto 0-0: Ball
1-0: Ball
2-0: Called Strike
2-1: Ball
3-1: Foul Ball, location: 2F
3-2: SINGLE (Line Drive, 8LS)
Batting: RHB Luis Aguilar 0-0: Ball
1-0: Foul Ball, location: 2F
1-1: Foul Ball, location: 2F
1-2: Ball
2-2: Foul Ball, location: 2F
2-2: Ball
3-2: Strikes out looking
Bottom of the 4th over - 0 runs, 1 hit, 0 errors, 1 left on base; Detroit 0 - Havana 1
TOP OF THE 5TH
Detroit X-Wings batting - Pitching for Havana Rollers : RHP Ron Jenkins
Batting: SHB Javier Jiménez 0-0: Swinging Strike
0-1: Swinging Strike
0-2: Hit by Pitch
Batting: RHB Mario Solís 0-0: Swinging Strike
0-1: Called Strike
0-2: Strikes out swinging
Batting: LHB Paul Alston 0-0: Ground out 5-3 (Groundball, 56S)
Javier Jiménez to second
Batting: RHB Alfredo Villegas 0-0: Foul Ball, location: 2F
0-1: Called Strike
0-2: Ball
1-2: Ball
2-2: Foul Ball, location: 2F
2-2: Strikes out swinging
Top of the 5th over - 0 runs, 0 hits, 0 errors, 1 left on base; Detroit 0 - Havana 1
BOTTOM OF THE 5TH
Havana Rollers batting - Pitching for Detroit X-Wings : RHP Albert Colwill
Batting: RHB Ken MacDonald 0-0: Ground out 1-3 (Groundball, 15S)
Batting: RHB Paul Bailey 0-0: Called Strike
0-1: Ball
1-1: Swinging Strike
1-2: Strikes out swinging
Batting: LHB José Torres 0-0: Ball
1-0: SINGLE (Groundball, 34D)
Batting: RHB Brant Sherman 0-0: Foul Ball, location: 2F
0-1: SINGLE (Groundball, 4MD)
José Torres to second
Runner from 2nd tries for 3rd, SAFE, no throw
Pinch Runner at 3rd Mario Olivares:
Batting: RHB Soshu Nakamura 0-0: Ball
1-0: Swinging Strike
1-1: Called Strike
1-2: Strikes out swinging, 2-3 out at first.
Bottom of the 5th over - 0 runs, 2 hits, 0 errors, 2 left on base; Detroit 0 - Havana 1
TOP OF THE 6TH
Detroit X-Wings batting - Pitching for Havana Rollers : RHP Ron Jenkins
Now in CF: Mario Olivares
Batting: RHB José Rosales 0-0: Called Strike
0-1: Swinging Strike
0-2: Ball
1-2: Ground out U3 (Groundball, 34)
Batting: SHB Jason Mason 0-0: Ball
1-0: Ball
2-0: Ball
3-0: Base on Balls
Batting: RHB Brad Ravenshaw 0-0: Ball
Jason Mason steals 2nd base
1-0: Called Strike
1-1: Hit by Pitch
Batting: LHB Juan Jose Pineda 0-0: Ball
Jason Mason steals 3rd base
Brad Ravenshaw to second
1-0: Ball
2-0: Fly out, F9 (Flyball, 9LD)
Runner from 3rd tags up, SCORES, no throw
Batting: SHB Barrett Bowden 0-0: Called Strike
0-1: Ball
1-1: Ball
2-1: Ground out U3 (Groundball, 3)
Top of the 6th over - 1 run, 0 hits, 0 errors, 1 left on base; Detroit 1 - Havana 1
BOTTOM OF THE 6TH
Havana Rollers batting - Pitching for Detroit X-Wings : RHP Albert Colwill
Pitching: RHP Domingo Rodríguez
Batting: RHB Bill Little 0-0: Foul Ball, location: 2F
0-1: Foul Ball, location: 2F
0-2: Foul Ball, location: 2F
0-2: SINGLE (Line Drive, 9S)
Batting: LHB Shiro Ueno 0-0: Ball
1-0: Called Strike
1-1: Ball
2-1: Ball
3-1: Single, Error in OF, E8, batter to second base
Bill Little to third
Batting: RHB Mitsuharu Matsumoto 0-0: Foul Ball, location: 2F
0-1: Ball
1-1: Swinging Strike
1-2: Ball
2-2: Fly out, F6 (Line Drive, 6M)
Lined into DP, 6-5 (Line Drive, 6M)
Batting: RHB Luis Aguilar 0-0: Ball
1-0: Ball
2-0: Ball
3-0: Base on Balls
Batting: RHB Ken MacDonald 0-0: Ball
1-0: Foul Ball, location: 2F
1-1: Ball
2-1: Called Strike
2-2: Ball
3-2: Foul Ball, location: 2F
3-2: Foul Ball, location: 2F
3-2: Strikes out looking
Bottom of the 6th over - 0 runs, 2 hits, 1 error, 2 left on base; Detroit 1 - Havana 1
TOP OF THE 7TH
Detroit X-Wings batting - Pitching for Havana Rollers : RHP Ron Jenkins
Batting: SHB Javier Jiménez 0-0: Ball
1-0: Ball
2-0: Ball
3-0: Base on Balls
Batting: RHB Mario Solís 0-0: Hit by Pitch
Javier Jiménez to second
Batting: LHB Paul Alston 0-0: Ball
1-0: Sac Bunt - play at first, batter OUT! 2-4
Javier Jiménez to third
Mario Solís to second
Pinch Hitting: SHB Brian Price 0-0: Intentional Walk
Batting: RHB José Rosales 0-0: Ball
1-0: Ball
2-0: Called Strike
2-1: Ball
3-1: Foul Ball, location: 2F
3-2: Strikes out looking
Pitching: RHP Fernando Castillo
Batting: SHB Jason Mason 0-0: Ball
1-0: Ball
2-0: Ball
3-0: Base on Balls
Javier Jiménez scores
Mario Solís to third
Brian Price to second
Batting: RHB Brad Ravenshaw 0-0: Called Strike
0-1: Ball
1-1: Foul Ball, location: 2F
1-2: Foul Ball, location: 2F
1-2: Ball
2-2: Strikes out looking
Top of the 7th over - 1 run, 0 hits, 0 errors, 3 left on base; Detroit 2 - Havana 1
BOTTOM OF THE 7TH
Havana Rollers batting - Pitching for Detroit X-Wings : RHP Domingo Rodríguez
Now at 3B: Brian Price
Batting: RHB Paul Bailey 0-0: Ball
1-0: SINGLE (Flyball, 4MD)
Batting: LHB Mario Olivares 0-0: Ball
1-0: Called Strike
1-1: Called Strike
1-2: Ball
2-2: Ball
3-2: Base on Balls
Paul Bailey to second
Batting: RHB Brant Sherman 0-0: Swinging Strike
0-1: Ball
1-1: Ball
2-1: Swinging Strike
2-2: Strikes out swinging
Batting: RHB Soshu Nakamura 0-0: Fly out, F3 (Flyball, 3D)
Pitching: LHP Clarence Skerratt
Pinch Runner at 2nd Yasuhiro Ikarashi:
Batting: RHB Bill Little 0-0: Called Strike
0-1: Ball
1-1: Ball
2-1: SINGLE (Line Drive, 56)
Yasuhiro Ikarashi to third
Mario Olivares to second
Batting: LHB Shiro Ueno 0-0: Swinging Strike
0-1: Fly out, F7 (Flyball, 7S)
Bottom of the 7th over - 0 runs, 2 hits, 0 errors, 3 left on base; Detroit 2 - Havana 1
TOP OF THE 8TH
Detroit X-Wings batting - Pitching for Havana Rollers : RHP Fernando Castillo
Now in LF: Yasuhiro Ikarashi
Batting: LHB Juan Jose Pineda 0-0: Ball
1-0: Foul Ball, location: 2F
1-1: Ball
2-1: Foul Ball, location: 2F
2-2: Strikes out swinging
Batting: SHB Barrett Bowden 0-0: Fly out, F9 (Flyball, 89D)
Batting: SHB Javier Jiménez 0-0: Ball
1-0: Foul Ball, location: 2F
1-1: Ground out U3 (Groundball, 34S)
Top of the 8th over - 0 runs, 0 hits, 0 errors, 0 left on base; Detroit 2 - Havana 1
BOTTOM OF THE 8TH
Havana Rollers batting - Pitching for Detroit X-Wings : LHP Clarence Skerratt
Now in LF: Donato Gozende
Now in RF: Leslie Adams
Batting: RHB Mitsuharu Matsumoto 0-0: Called Strike
0-1: Ball
1-1: Foul Ball, location: 2F
1-2: Foul Ball, location: 2F
1-2: Ball
2-2: Foul Ball, location: 2F
2-2: Ball
3-2: Foul Ball, location: 2F
3-2: SINGLE (Flyball, 8LS)
Pitching: RHP Jeremias Pereirinha
Pinch Hitting: LHB Jimmy Husted 0-0: Bunted foul
0-1: Ball
1-1: Ball
2-1: Sac Bunt - play at first, batter OUT! 1-4
Mitsuharu Matsumoto to second
Pinch Hitting: LHB Enrique Cortéz 0-0: Ball
1-0: Single, Error in OF, E9, batter to second base
Mitsuharu Matsumoto scores
Batting: SHB Yasuhiro Ikarashi 0-0: Ball
1-0: Called Strike
1-1: Ball
2-1: Ball
3-1: Swinging Strike
3-2: Base on Balls
Batting: LHB Mario Olivares 0-0: Ball
1-0: Called Strike
1-1: Foul Ball, location: 2F
1-2: Ball
2-2: Ball
3-2: Foul Ball, location: 2F
3-2: Base on Balls
Enrique Cortéz to third
Yasuhiro Ikarashi to second
Batting: RHB Brant Sherman 0-0: Called Strike
0-1: Ball
1-1: Ball
2-1: Fly out, F3 (Popup, 3F)
Batting: RHB Soshu Nakamura 0-0: Foul Ball, location: 2F
0-1: Ball
1-1: Foul Ball, location: 2F
1-2: Ball
2-2: Ball
3-2: Ground out U3 (Groundball, 34)
Bottom of the 8th over - 1 run, 2 hits, 1 error, 3 left on base; Detroit 2 - Havana 2
TOP OF THE 9TH
Detroit X-Wings batting - Pitching for Havana Rollers : RHP Fernando Castillo
Now at 3B: Chad Case
Now in LF: Jimmy Husted
Batting: RHB Mario Solís 0-0: Ball
1-0: Called Strike
1-1: SOLO HOME RUN (Flyball, 7D), Distance : 374 ft
Batting: LHB Paul Alston 0-0: Ball
1-0: Foul Ball, location: 2F
1-1: Ball
2-1: Called Strike
2-2: Foul Ball, location: 2F
2-2: Ball
3-2: Base on Balls
Batting: SHB Brian Price 0-0: Ball
1-0: Swinging Strike
1-1: Called Strike
1-2: Ball
2-2: Strikes out looking
Pinch Hitting: LHB Chris Loudermilk 0-0: Called Strike
0-1: Ball
1-1: Ball
2-1: Fielders Choice at 2nd, 3-6 (Groundball, 3)
Batting: SHB Jason Mason 0-0: Called Strike
0-1: Foul Ball, location: 2F
0-2: Ball
1-2: Ball
2-2: Foul Ball, location: 2F
2-2: Foul Ball, location: 2F
2-2: Ball
3-2: Strikes out looking
Top of the 9th over - 1 run, 1 hit, 0 errors, 1 left on base; Detroit 3 - Havana 2
BOTTOM OF THE 9TH
Havana Rollers batting - Pitching for Detroit X-Wings : RHP Jeremias Pereirinha
Pitching: RHP Raymond Gibbons
Now at C: Daniel Riddle
Now at 1B: Felipe Detorres
Batting: RHB Bill Little 0-0: Called Strike
0-1: Foul Ball, location: 2F
0-2: Fly out, F6 (Line Drive, 6M)
Batting: LHB Shiro Ueno 0-0: Fly out, F9 (Flyball, 9D)
Batting: RHB Mitsuharu Matsumoto 0-0: Ball
1-0: Ball
2-0: Called Strike
2-1: Called Strike
2-2: Strikes out swinging
Bottom of the 9th over - 0 runs, 0 hits, 0 errors, 0 left on base; Detroit 3 - Havana 2
Saturday, April 7th, 2018 - OOTP Baseball 18.8 Build 76